[Event "1000GM Memorial Day NY IM-C 2023"]
[Site "New York"]
[Date "2023.05.29"]
[Round "8.2"]
[White "Mahajan, Rushaan"]
[Black "Mou, Iris"]
[Result "1-0"]
[ECO "A13"]
[WhiteElo "2279"]
[BlackElo "2002"]
[Annotator "TA"]
[PlyCount "83"]
[EventDate "2023.05.23"]
[EventType "tourn"]
[EventCountry "USA"]
[SourceTitle "playchess.com"]
[Source "ChessBase"]
[SourceQuality "1"]
[TimeControl "5400+30"]

1. Nf3 Nf6 2. g3 d5 3. c4 d4 4. Bg2 e6 5. O-O c5 6. e3 Nc6 7. exd4 cxd4 8. d3 h6 {[%emt 0:00:10] A13: English Opening: 1...e6.} 9. Bf4 Nd7 {[%emt 0:00:13] Against Ne5} 10. Re1 Bb4 {[%emt 0:01:35] [#] White has an edge.} 11. Bd2 $146 ({Predecessor:} 11. Nbd2 a5 12. a3 Be7 13. g4 O-O 14. Rb1 a4 15. h3 Ra5 16. Bg3 Nc5 17. Qe2 {½-½ Sjugirov,S (2709)-Iljiushenok,I (2567) RUS-chT Rapid 2022 (3.2)}) 11... Bd6 (11... Be7 $11) 12. Na3 $14 Nc5 13. Qc2 {[%emt 0:01:32] aiming for b4.} a5 14. Nb5 Bb8 15. b3 ({Better is} 15. a3 $14) 15... e5 (15... O-O $5 ) 16. Nxe5 Nxe5 (16... Bxe5 $11 {keeps the balance.} 17. f4 {[%mdl 64] Pin} (17. Bxc6+ bxc6 18. Rxe5+ Ne6 $14) 17... O-O 18. fxe5 Bf5) 17. f4 $16 {[%emt 0:00:04][%mdl 64] [#] Pin. White has more active pieces.} Bf5 18. Bf1 (18. fxe5 $16 {Strongly threatening b4.} O-O 19. Bf4) 18... f6 19. fxe5 fxe5 20. Bf4 Qf6 {[%emt 0:05:02] [#] Hoping for ...0-0.} 21. Nxd4 (21. Bc1 $1 $16 ) 21... O-O ({Black should try} 21... Be4 $1 $14) 22. Nxf5 $18 Qxf5 23. Be3 Ba7 24. Rad1 h5 (24... b6 $142 25. Bg2 Rad8) 25. Qg2 Rfd8 26. Kh1 Ne6 (26... Rd7 {keeps fighting.} 27. Qe2 Qg4 28. Qxg4 hxg4 29. Bxc5 {[%mdl 64] Discovered Attack} Bxc5 30. Rxe5 Bd4) 27. Bxa7 Rxa7 28. Qe4 Qf7 (28... Qxe4+ 29. Rxe4 g6 30. Rxe5 Nd4) 29. Bg2 Nd4 30. Rf1 Qe7 31. Rde1 Re8 (31... a4 $142 32. bxa4 Rxa4) 32. Qd5+ Kh8 33. Rf4 Nc2 34. Re2 (34. Rf5 $142 Ra6 35. Rfxe5 (35. Qxb7 Qxb7 36. Bxb7 Nxe1 $16) 35... Nxe1 36. Rxe7 Rxe7 37. Qd8+ Kh7 38. Qxe7 Nxg2 39. Kxg2) 34... Nb4 35. Qe4 {[%emt 0:00:26] Threatens to win with Qf3.} exf4 36. Qxe7 Rxe7 37. Rxe7 {[%emt 0:00:02] c5 is the strong threat.} fxg3 {[%emt 0:00:23] KRB-KRN} 38. a3 (38. Bxb7 a4 39. hxg3 Ra5 $18) (38. hxg3 a4 39. Bxb7 Ra5 $18) 38... Nc2 $2 (38... a4 39. bxa4 (39. axb4 axb3 40. Re8+ Kh7 $18) (39. Rxb7 $2 Rxb7 40. Bxb7 axb3 $19) (39. hxg3 g6 $16) 39... Nxd3 40. Re8+ (40. Rxb7 Nf2+ 41. Kg1 Rxa4 $14) (40. Bxb7 g5 $14) (40. hxg3 g6 $16) 40... Kh7 41. Be4+ (41. hxg3 Kh6 $11) 41... Kh6 42. Bxd3 gxh2) 39. c5 {[%emt 0:01:32][%cal Bc4c5,Bc5c6][%mdl 32] White is clearly winning.} ({Weaker is} 39. Rxb7 Rxb7 40. Bxb7 Nxa3 $18) 39... Ra8 40. Bxb7 Rf8 41. c6 h4 42. hxg3 {[%emt 0:00:23] Weighted Error Value: White=0.45/Black=0.66} 1-0

[Event "1000GM Memorial Day NY IM-C 2023"]
[Site "New York"]
[Date "2023.05.29"]
[Round "8.3"]
[White "Zumsande, Martin"]
[Black "Nemeth, Miklos"]
[Result "1/2-1/2"]
[ECO "A07"]
[WhiteElo "2454"]
[BlackElo "2452"]
[Annotator "TA"]
[PlyCount "143"]
[EventDate "2023.05.23"]
[EventType "tourn"]
[EventCountry "USA"]
[SourceTitle "playchess.com"]
[Source "ChessBase"]
[SourceQuality "1"]
[TimeControl "5400+30"]

1. Nf3 d5 2. g3 g6 3. Bg2 Bg7 4. O-O e5 5. d3 Ne7 6. e4 dxe4 7. dxe4 Qxd1 {[%emt 0:00:45] A07: Réti Opening: New York and Capablanca Systems.} 8. Rxd1 h6 9. Nc3 c6 {[%emt 0:04:45] [#] White is slightly better.} 10. b3 $146 {[%emt 0:06:44] White has more active pieces.} ({Predecessor:} 10. Be3 Nd7 11. Rd2 O-O 12. Rad1 Nb6 13. Bxb6 axb6 14. Rd8 Be6 15. Rxf8+ Kxf8 16. Na4 {0-1 Ehemann,P (1787)-Marth,J (2075) Bad Zwesten op 7th 2003 (7)}) 10... Be6 11. Ba3 (11. Be3 $16) 11... Nd7 $11 12. Na4 Nc8 13. Rd2 Ncb6 14. Nb2 Bf8 15. Bxf8 Rxf8 16. Nd3 f6 17. Nh4 g5 18. Nf5 Bxf5 19. exf5 O-O-O 20. Rad1 Rfe8 21. Be4 Kc7 22. f3 h5 23. c4 a5 24. Kf1 Nc8 25. c5 Ne7 ({Black should try} 25... Na7 $15) 26. a3 Nb8 27. Nb2 Na6 28. Na4 (28. Rxd8 {simplifies} Rxd8 29. Rxd8 Kxd8 30. Na4) 28... Rxd2 29. Rxd2 Rd8 30. Rxd8 Kxd8 {[%emt 0:00:02][%mdl 4096] Endgame KBN-KNN} 31. Bd3 Nb8 32. Ke2 Nd7 33. Kd2 Kc7 34. b4 axb4 35. axb4 b6 36. cxb6+ Nxb6 37. Nc3 Nbd5 38. Ne4 $1 Nxf5 {[%emt 0:03:20] Hoping for ...Nd4.} 39. Nxf6 $1 {[%emt 0:00:45][%mdl 64] [#] Discovered Attack} Nd4 40. Nxd5+ cxd5 {[%emt 0:00:01] KB-KN} 41. Ke3 Ne6 42. Bf5 Ng7 43. Bg6 {[%emt 0:00:10] Strongly threatening f4.} h4 44. gxh4 gxh4 45. f4 exf4+ 46. Kxf4 {[%emt 0:00:05] aiming for Kg5.} Kc6 $2 (46... Ne6+ $1 $11 47. Kg4 d4) 47. Ke5 $18 {[%emt 0:00:16] Kf6 would be deadly.} Kb5 48. Kxd5 ({Don't take} 48. Kf6 Kxb4 49. Kxg7 Kc5 $18) 48... Kxb4 49. Ke5 Kc5 50. Kf6 Kd6 51. Kxg7 {[%emt 0:00:11] KB-KP} Ke7 52. Bf7 Kd7 53. Kf6 Kd8 54. Bb3 Ke8 55. Bc4 Kd7 56. Bd3 Ke8 57. Bg6+ Kd7 58. Bf7 Kd8 59. Ke6 Kc7 60. Be8 Kd8 61. Kf7 Kc7 62. Ke7 (62. Kg6 $142) 62... Kc8 63. Bb5 Kc7 64. Ba4 Kc8 {[%emt 0:00:36] [#]} 65. Kf6 $1 Kd8 66. Bb5 Kc7 67. Bc4 $2 (67. Kg5 $18 Kd8 68. Kf6 (68. Kxh4 Ke7 $11)) 67... Kd8 $2 (67... Kd7 $11 {and Black stays safe.} 68. Bb3 Ke8) 68. Bf7 {[%emt 0:04:23] White has a decisive advantage.} Kd7 69. Bg6 Kd8 70. Bh5 Kd7 71. Bg4+ Kd8 72. Kg5 {[%emt 0:00:36][%mdl 32768] Weighted Error Value: White=0.12 (very precise) /Black=0.14 (very precise) . An unexpected result.} 1/2-1/2

[Event "1000GM Memorial Day NY IM-C 2023"]
[Site "New York"]
[Date "2023.05.29"]
[Round "8.4"]
[White "Lee, Megan"]
[Black "Poliannikov, Danila"]
[Result "1-0"]
[ECO "C82"]
[WhiteElo "2261"]
[BlackElo "2278"]
[Annotator "TA"]
[PlyCount "67"]
[EventDate "2023.05.23"]
[EventType "tourn"]
[EventCountry "USA"]
[SourceTitle "playchess.com"]
[Source "ChessBase"]
[SourceQuality "1"]
[TimeControl "5400+30"]

1. e4 e5 2. Nf3 Nc6 3. Bb5 a6 4. Ba4 Nf6 5. O-O Nxe4 6. d4 b5 7. Bb3 d5 8. dxe5 Be6 9. c3 Bc5 10. Bc2 O-O 11. Nbd2 Nxf2 12. Rxf2 f6 13. Nf1 {[%emt 0:00:06] [#] Strongly threatening Be3. C82: Open Ruy Lopez: 9 c3 without 9...Be7.} Bxf2+ 14. Kxf2 fxe5 {[%emt 0:00:09] Threatens to win with ...e4.} 15. Kg1 {[%emt 0:00:07][%cal Oc2h7] Black must now prevent Bxh7+! The position is equal.} Qd6 16. Be3 e4 $132 {[%emt 0:08:16][%mdl 2048] Black has counterplay} 17. Nd4 Ne5 18. Nxe6 Qxe6 {[%emt 0:01:42] [#]} 19. Bc5 $146 ({Predecessor:} 19. Bd4 Rae8 20. Ne3 c6 21. a4 Qg6 22. Bxe5 Rxe5 23. Qd4 Qg5 24. b4 Re6 25. Re1 {0-1 Warakomska,A (2236)-Harshini,A (2116) Suwalki Warakomska Memorial 6th 2022 (4)}) 19... Rf6 20. a4 {[%emt 0:02:50] [#] axb5 is the strong threat.} Re8 21. Ng3 c6 22. Qe2 Nd7 23. Bd4 {[%emt 0:00:52][%mdl 1024] White has compensation. This pair of bishops is nice.} Rf7 24. axb5 axb5 25. Ra6 Qh6 26. Be3 (26. Qe3 $5 ) 26... Qd6 27. b4 Ne5 28. Bb3 Qg6 $2 (28... Qe6 $11 {and Black has nothing to worry.}) 29. Bxd5 $18 {[%emt 0:01:17] White is clearly winning.} cxd5 30. Rxg6 hxg6 31. Qxb5 Ra8 32. h3 (32. Qxd5 {is a self mate.} Ra1+) 32... Nc4 33. Bd4 ({Less strong is} 33. Qxd5 Ra1+ 34. Kh2 Nxe3 $18) 33... e3 34. Qxd5 {[%emt 0:00:44] Weighted Error Value: White=0.06 (flawless) /Black=0.46} 1-0

[Event "1000GM Memorial Day NY IM-C 2023"]
[Site "New York"]
[Date "2023.05.29"]
[Round "8.5"]
[White "Reiss, Aiden"]
[Black "Paragua, Mark"]
[Result "0-1"]
[ECO "B11"]
[WhiteElo "2138"]
[BlackElo "2442"]
[Annotator "TA"]
[PlyCount "84"]
[EventDate "2023.05.23"]
[EventType "tourn"]
[EventCountry "USA"]
[SourceTitle "playchess.com"]
[Source "ChessBase"]
[SourceQuality "1"]
[TimeControl "5400+30"]

1. e4 c6 2. Nf3 d5 3. Nc3 Bg4 4. h3 Bxf3 5. Qxf3 e6 6. Be2 Bc5 {[%emt 0:00:51] B11: Caro-Kann: Two Knights Variation.} 7. O-O Nd7 8. d3 Ne7 {[%emt 0:01:45] The position is equal.} 9. Qg3 O-O 10. h4 {[%emt 0:01:53] [#]} Kh8 $146 ({Predecessor:} 10... b5 11. h5 Bd4 12. Bg5 Be5 13. Qh4 f6 14. Bd2 f5 15. Bg5 Bf6 16. Bxf6 Rxf6 17. exd5 exd5 {1-0 Guo,A (2470)-Wang,T (2336) Charlotte CCCSA Summer GM-B 2021 (2)}) 11. h5 h6 12. Bf4 f5 13. Na4 {[%emt 0:02:56] Hoping for Nxc5.} (13. Bc7 $5 Qe8 14. Na4 $11) 13... Bd4 14. c3 Bf6 (14... e5 $11 15. Bd2 Bb6) 15. Bc7 (15. e5 $1 $14 Bg5 16. Bxg5 hxg5 17. d4 (17. Qxg5 $2 b5 $19)) 15... Qe8 $11 16. e5 f4 $1 (16... Bg5 17. f4 Bxf4 18. Qxf4 $16 (18. Rxf4 b5 $16)) 17. Qg4 (17. Qxf4 $2 Bxe5 $19) (17. Qh3 $1 $11 {remains equal.} Bxe5 18. Bxe5 Nxe5 19. Nc5) 17... Bxe5 $17 18. Bxe5 (18. Nc5 $17 Nf6 19. Bxe5 Nxg4 20. Bxg4) 18... Nxe5 $19 19. Qxe6 Nf5 $2 (19... Rf5 $19 {Strongly threatening ...f3.} 20. d4 f3 21. dxe5 fxe2) 20. Qxe8 $1 $11 Raxe8 21. d4 f3 $1 $36 {[%emt 0:00:06][%mdl 2048] Black is pushing.} 22. dxe5 $2 {[%emt 0:06:36] Now White is beyond hope.} (22. gxf3 $15 Ng6 23. hxg6 Rxe2 24. Rfe1) 22... fxe2 $19 23. Rfe1 Rxe5 {[%emt 0:00:29] ...Nh4 is the strong threat.} 24. Nc5 {[%emt 0:00:23][%cal Oc5d7] [#]} Nh4 $1 25. Nd7 $2 {[%emt 0:02:19] [#]} (25. f4 Re7 26. Rac1) 25... Nf3+ $1 26. gxf3 Rg5+ 27. Kh2 Rxh5+ ({Weaker is} 27... Rxf3 28. Rxe2 Kh7 29. Rg1 Rxh5+ 30. Kg2 $16) 28. Kg3 Rg5+ 29. Kh2 Rf4 ({Less strong is} 29... Rxf3 30. Rxe2 Kh7 31. Rd1 $16) 30. Kh3 {[%emt 0:00:08] Repels Rh4+} Rxf3+ 31. Kh4 Rxf2 32. Kh3 {[%emt 0:00:34] Inhibits Rh2+.} Kh7 33. Rac1 h5 {[%emt 0:03:27] aiming for ...Rfg2.} 34. Rc2 Rfg2 35. Nf6+ gxf6 36. Rcxe2 {[%emt 0:00:03][%mdl 4096] Endgame KRR-KRR} R5g3+ 37. Kh4 Kg6 {[%emt 0:00:43] White must now prevent ...Rg4+.} 38. Re6 (38. Rxg2 $19 Rxg2 39. Rb1) 38... Rg4+ (38... Rf3 $142 39. Rxf6+ {[%mdl 64] Decoy} Kxf6 40. Re6+ Kxe6 41. a4 Kf5 42. Kxh5 Rh3#) 39. Kh3 Kg5 40. R1e3 {[%emt 0:00:31] Dodges R4g3+} f5 41. a4 Rxb2 {[%emt 0:00:24] ( -> ...Rh4+)} 42. a5 Rh4+ {[%emt 0:00:07] Weighted Error Value: White=0.60/Black=0.40} 0-1

[Event "1000GM Memorial Day NY IM-C 2023"]
[Site "New York"]
[Date "2023.05.30"]
[Round "9.1"]
[White "Paragua, Mark"]
[Black "Sazci, Bilgen"]
[Result "1-0"]
[ECO "A11"]
[WhiteElo "2442"]
[BlackElo "1827"]
[Annotator "TA"]
[PlyCount "99"]
[EventDate "2023.05.23"]
[EventType "tourn"]
[EventCountry "USA"]
[SourceTitle "playchess.com"]
[Source "ChessBase"]
[SourceQuality "1"]
[TimeControl "5400+30"]

1. Nf3 Nf6 2. g3 d5 3. Bg2 Bf5 4. O-O e6 5. d3 Be7 6. c4 c6 7. cxd5 exd5 8. Nc3 O-O 9. Qb3 {[%emt 0:01:16] A11: English Opening: 1...c6.} (9. Nd4 $5 Bg6 10. e4 $11) 9... Qb6 10. Qc2 h6 11. e4 {[%emt 0:02:03] White is slightly better.} Bh7 12. Be3 Qd8 13. Qb3 dxe4 14. dxe4 (14. Qxb7 exf3 15. Qxa8 fxg2 16. Kxg2 Bxd3 $19) 14... Qc8 {[#]} (14... Qc7 $14) 15. e5 $146 ({Predecessor:} 15. Ne5 Na6 16. f3 Nc7 17. Nd3 b6 18. Ne5 c5 19. Nc6 Re8 20. Nxe7+ Rxe7 21. Rad1 {1-0 Ruiz Bellon,M (1916)-Clavero Alarcon,J (1824) Madrid Chamartin op 6th 2017 (7)}) 15... Ne4 16. Nxe4 (16. e6 $16) 16... Bxe4 $11 17. Nd4 ({Better is} 17. Rad1 $14) 17... Bxg2 18. Kxg2 Na6 (18... c5 $5 19. Rac1 Nc6 20. Nxc6 Qxc6+ 21. Kg1 b6 $11) 19. f4 Bc5 20. f5 {[%emt 0:00:30] And now f6 would win.} Bxd4 (20... Rd8 {feels hotter.} 21. e6 Rxd4 22. exf7+ Kf8) 21. Bxd4 {[%emt 0:00:30] Hoping for e6.} Nc7 {Black is weak on the dark squares} 22. Bc5 Re8 23. e6 f6 (23... Nd5 $1 $11 {keeps the balance.}) 24. g4 {[%emt 0:00:30] White has more active pieces.} Nd5 25. h4 Qc7 26. Rae1 Rad8 {[#] aiming for ...Nf4+.} 27. Kh1 (27. Bxa7 $2 b6 28. Bxb6 (28. e7 $2 Ra8 $19) 28... Nxb6 $19) (27. e7 Rd7 $15) 27... Qa5 (27... b6 $5 28. Bg1 (28. e7 Rd7 $17) 28... c5 $14) 28. Bg1 Nb6 (28... Ne7 $11 {remains equal.}) 29. Rd1 $16 {[%emt 0:00:30] Rxd8 would be deadly.} Qe5 $2 {[%mdl 8192] This move loses the game for Black.} (29... Nd5 $16) 30. Rfe1 $18 (30. Bxb6 Rxd1 31. Rxd1 axb6 $11) 30... Qb8 31. e7+ {[%emt 0:00:30][%mdl 64] [#] Discovered Attack} Rd5 32. Bxb6 axb6 33. Rxd5 cxd5 34. Qxd5+ {[%emt 0:00:30][%mdl 4096] Endgame KQR-KQR} Kh8 $2 (34... Kh7 35. Qf7 Qc8) 35. Kg2 $2 (35. Qd7 {[%cal Og4g5] Black must now prevent g5!} b5 36. g5) 35... Qc7 $2 (35... Qf4 36. Re4 (36. Qxb7 Qxg4+ 37. Kf2 Qxh4+ 38. Kf1 Qf4+ 39. Kg1 Qg3+ 40. Kf1 Qf4+ 41. Kg1 Qd4+ 42. Kf1 Qf4+ $15) 36... Qc7) 36. Qe4 Qd6 37. Re2 ({Stronger than} 37. Qxb7 Qd2+ 38. Kf1 Qf4+ 39. Kg1 Qg3+ 40. Kf1 Qf4+ 41. Kg1 Qg3+ 42. Kf1 Qf4+ $11) 37... Qd1 (37... Qd7 $142 38. b3 Kg8) 38. g5 {[%emt 0:00:30] White is clearly winning.} fxg5 39. hxg5 hxg5 40. Re1 Qd2+ 41. Kg3 (41. Kh3 $142 Qf4 42. Qxf4 (42. Qxb7 $2 {too greedy.} Qh4+ 43. Kg2 Qxe1 $19) 42... gxf4 43. Kg4) 41... Qf4+ 42. Qxf4 gxf4+ 43. Kxf4 {[%emt 0:00:30] KR-KR} Kg8 44. Re6 Kf7 45. Rxb6 Rxe7 46. Kg5 Rc7 47. a4 Rd7 48. a5 Rc7 49. b4 Rd7 50. b5 {[%emt 0:00:30] Weighted Error Value: White=0.38/Black=0.40} 1-0

[Event "1000GM Memorial Day NY IM-C 2023"]
[Site "New York"]
[Date "2023.05.30"]
[Round "9.2"]
[White "Poliannikov, Danila"]
[Black "Reiss, Aiden"]
[Result "1-0"]
[ECO "B56"]
[WhiteElo "2278"]
[BlackElo "2138"]
[Annotator "TA"]
[PlyCount "119"]
[EventDate "2023.05.23"]
[EventType "tourn"]
[EventCountry "USA"]
[SourceTitle "playchess.com"]
[Source "ChessBase"]
[SourceQuality "1"]
[TimeControl "5400+30"]

1. e4 c5 2. Nf3 d6 3. d4 cxd4 4. Nxd4 Nf6 5. Nc3 Nc6 6. Be3 Ng4 7. Bb5 Nxe3 8. fxe3 Bd7 9. O-O e6 10. Bxc6 bxc6 11. e5 Be7 12. exd6 Bxd6 13. Qh5 {[%csl Gf1][%cal Rh5f7] B56: Classical Sicilian: Unusual Lines.} O-O 14. Rad1 Qc7 15. Ne4 {The position is equal.} Be7 16. Ng5 $132 {[%mdl 2048] White is not holding back} Bxg5 17. Qxg5 c5 18. Nf3 Bb5 19. Rf2 Rad8 (19... h6 $5 20. Qf4 Rad8 21. Rxd8 Rxd8 $11) 20. Rdd2 Rxd2 21. Rxd2 {[#]} Bc4 $146 ({Predecessor:} 21... f6 22. Qg4 Qe7 23. c3 a5 24. h4 h6 25. h5 Be8 26. Nh4 f5 27. Ng6 Bxg6 28. Qxg6 a4 29. a3 {½-½ Fagerbekk,E (2243)-Rauduve,A (2330) W-ch38 prel15 email 2014}) 22. Qe5 ({Much weaker is} 22. Qh4 Bxa2 23. b3 c4 24. Qxc4 Qxc4 25. bxc4 Bxc4 $17) 22... Qa5 23. b3 Bd5 {Threatens to win with ...Bxf3.} 24. e4 Ba8 25. c4 Qa3 26. Kf2 h6 27. h3 a5 28. Re2 Qb4 (28... a4 $1 $15 {should be considered.}) 29. Ne1 $11 Qb6 30. Nd3 Rc8 31. Nf4 Qc7 32. Qxc7 Rxc7 {[%mdl 4096] Endgame KRB-KRN} 33. Ke3 Kf8 34. e5 g6 (34... Ke7 $11 {remains equal.}) 35. Rd2 $16 {Black is on the road to losing.} Ke7 {Wards off Rd8} 36. g3 Rc6 {Repels Rd6} 37. h4 h5 38. Nd3 {White has more active pieces.} Bb7 {[#]} (38... Rc8 $16 {is a better defense.}) 39. Nb2 $1 $18 Bc8 {[#]} 40. Na4 $1 Bb7 41. Rd1 Bc8 42. Nc3 Ba6 43. Ne4 {Strongly threatening Rd6.} Bb7 44. Rd6 {And now Rxc6 would win.} Rc7 45. Nf6 Bc6 46. Kf4 Rc8 47. Kg5 Rc7 48. Kh6 Rc8 49. Kg7 Rc7 50. Ng8+ Ke8 51. Nf6+ Ke7 52. Rd2 a4 $2 (52... Ra7 {was worth a try.} 53. Rf2 Rb7) 53. bxa4 Ra7 54. Rb2 Rxa4 55. Rb6 Bf3 56. Rd6 Ra7 {Inhibits Rd7+.} 57. a4 Be2 $2 (57... Rxa4 $2 58. Rd7#) (57... Ba8 58. Rb6 Rxa4) 58. Rc6 {White threatens Rc8 and mate. White is clearly winning.} Bf3 59. Rxc5 {Rc8 would be deadly.} Rxa4 (59... Bd1 $142 60. Rc8 Bxa4) 60. Rc8 {Weighted Error Value: White=0.10 (very precise) /Black=0.23 (precise)} 1-0

[Event "1000GM Memorial Day NY IM-C 2023"]
[Site "New York"]
[Date "2023.05.30"]
[Round "9.3"]
[White "Nemeth, Miklos"]
[Black "Lee, Megan"]
[Result "1-0"]
[ECO "B53"]
[WhiteElo "2452"]
[BlackElo "2261"]
[Annotator "TA"]
[PlyCount "107"]
[EventDate "2023.05.23"]
[EventType "tourn"]
[EventCountry "USA"]
[SourceTitle "playchess.com"]
[Source "ChessBase"]
[SourceQuality "1"]
[TimeControl "5400+30"]

1. e4 c5 2. Nf3 d6 3. d4 cxd4 4. Qxd4 Nc6 5. Bb5 Bd7 6. Qe3 {[%emt 0:00:30] B53: Sicilian: 2...d6: Lines with Qxd4.} g6 7. O-O Bg7 8. Rd1 {[%emt 0:00:30] The position is equal.} Nf6 9. h3 Qc7 10. Nc3 O-O {[%emt 0:00:30] [#]} 11. Qf4 $146 ({Predecessor:} 11. Bxc6 Bxc6 12. Nd4 Rac8 13. Qe2 Bd7 14. Bg5 Qc5 15. Be3 Qb4 16. Nb3 Nxe4 17. Nd5 {1-0 Dang,H (2363)-Perez Gormaz,M (2404) Titled Tuesday intern op 17th Aug blitz 2021 (11)}) 11... a6 12. Be2 Rac8 13. Qh4 Qa5 14. Bd2 Qb6 15. a3 Rfe8 (15... Qxb2 $2 16. Rdb1 Qxc2 17. Ra2 $18 (17. Rxb7 $2 {is the wrong capture.} Nd4 $19) (17. Rxb7 $2 Nd4 $19)) 16. Na4 Qc7 17. Be3 Ne5 18. Nb6 Nxf3+ 19. Bxf3 Rcd8 20. c3 Bc6 21. a4 Nd7 22. Nd5 Bxd5 23. exd5 Ne5 24. Be2 Rc8 25. Rd4 Nd7 26. Rb4 {[%emt 0:00:30] Black is weak on the light squares} Nc5 27. a5 Rb8 28. Rc4 {[%emt 0:00:30] [#] And now b4 would win. White has more active pieces. The black rooks are badly placed.} Bf6 29. Qg3 Qd7 30. Qg4 Qxg4 31. hxg4 e6 32. dxe6 Nxe6 33. Rd1 Be7 34. Bf3 Bg5 35. Ba7 {[%emt 0:00:30] This pair of bishops is nice.} ({Much less strong is} 35. Rxd6 Bxe3 36. fxe3 Re7) 35... Rbd8 36. g3 ({But not} 36. Bxb7 $6 Re7 $14) 36... Rd7 37. Bd5 Ra8 38. Bb6 Bd8 39. b4 ({Better is} 39. Bxd8 $18 Raxd8 40. Re1) 39... Bxb6 $16 40. axb6 Re8 (40... a5 $16) 41. f4 $18 Kf8 (41... Ng7 $142 42. Kf2 Ra8) 42. Kf2 Nd8 43. Rc7 Ree7 44. Rc8 Kg7 $2 (44... Re8 {is a better chance.} 45. g5 Ne6 46. Rxe8+ Kxe8) 45. Bb3 Nc6 46. Ba4 d5 47. Bxc6 bxc6 48. Rxc6 {[%emt 0:00:30][%mdl 4096] Endgame KRR-KRR} f6 49. Re1 {[%emt 0:00:30] Threatens to win with Rxe7+.} Rf7 50. Ke3 d4+ 51. cxd4 Rfe7+ 52. Kf2 {[%emt 0:00:30] aiming for Rxe7+.} Rxe1 53. Kxe1 {[%emt 0:00:30] Threatening mate with Rc7.} Rxd4 {[%emt 0:00:30] [#]} 54. b5 $1 {[%emt 0:00:30][%mdl 576] Promotion.   Weighted Error Value: White=0.11 (very precise) /Black=0.36} 1-0

[Event "1000GM Memorial Day NY IM-C 2023"]
[Site "New York"]
[Date "2023.05.29"]
[Round "9.4"]
[White "Mou, Iris"]
[Black "Zumsande, Martin"]
[Result "1/2-1/2"]
[ECO "C02"]
[WhiteElo "2002"]
[BlackElo "2454"]
[Annotator "TA"]
[PlyCount "34"]
[EventDate "2023.05.23"]
[EventType "tourn"]
[EventCountry "USA"]
[SourceTitle "playchess.com"]
[Source "ChessBase"]
[SourceQuality "1"]
[TimeControl "5400+30"]

1. e4 e6 2. d4 d5 3. e5 c5 4. c3 Nc6 5. Nf3 Bd7 6. Be2 Rc8 7. O-O {[%emt 0:01:34] C02: French: Advance Variation.} a6 8. Be3 cxd4 9. cxd4 {[%emt 0:00:16] The position is equal.} Nge7 10. Nc3 Nf5 11. Rc1 {[%emt 0:04:57] [#]} Na5 $146 ({Predecessor:} 11... Be7 12. Bd3 Nxe3 13. fxe3 O-O 14. Qe2 f5 {½-½ Neukirch,D (2063)-Burghardt,P (1902) Sachsen-Anhalt Landesliga-B 1920 2019 (5.2)}) 12. Bd3 {[%emt 0:05:46] Hoping for Bxf5.} Nxe3 13. fxe3 Be7 14. Qe1 O-O 15. Kh1 Nc4 16. b3 Na3 17. Qg3 (17. e4 $11) 17... Qa5 {[%emt 0:13:27] Weighted Error Value: White=0.09 (flawless) /Black=0.01 (flawless)} 1/2-1/2